 Dungeon Crawl Stone Soup version 0.28.0-53-g5a82cb258f (console) character file.

Game seed: 9248217831708360189

106 erker the Sneak (level 4, 0/27 HPs)
             Began as an Octopode Earth Elementalist on Aug 2, 2022.
             Killed from afar by Robin (12 damage)
             ... with a puff of flame
             ... on level 3 of the Dungeon.
             The game lasted 00:05:59 (2778 turns).

erker the Sneak (Octopode Earth Elementalist)       Turns: 2778, Time: 00:05:59

Health: 0/27       AC:  1    Str:  7    XL:     4   Next: 84%
Magic:  5/7        EV: 13    Int: 19    God:
Gold:   81         SH:  0    Dex: 12    Spells: 4/7 levels left

rFire   . . .      SeeInvis +   a - +0 dagger
rCold   . . .      Faith    .   (no shield)
rNeg    . . .      Spirit   .   (helmet restricted)
rPois   +          Reflect  .   (no amulet)
rElec   .          Harm     .   i - ring of see invisible
rCorr   .          Rampage  .   k - ring of poison resistance
Will    .....                   (no ring)
Stlth   +++.......              (no ring)
HPRegen 0.09/turn               (no ring)
MPRegen 0.10/turn               (no ring)
                                (no ring)
                                (no ring)

@: no status effects
A: almost no armour, amphibious, 8 rings, camouflage 1, gelatinous body 1,
(nimble swimmer 1), tentacles
a: no special abilities


You were on level 3 of the Dungeon.
You visited 1 branch of the dungeon, and saw 3 of its levels.

You collected 81 gold pieces.

Inventory:

Hand Weapons
 a - a +0 dagger (weapon)
Missiles
 b - 48 stones
Jewellery
 f - a ring of fire
 i - a ring of see invisible (left tentacle)
 k - a ring of poison resistance (right tentacle)
Scrolls
 c - a scroll of immolation {unknown}
 d - 2 scrolls of identify {unknown}
 e - 2 scrolls of noise {unknown}
 g - a scroll of acquirement {unknown}
 j - a scroll of enchant armour {unknown}
Potions
 h - a potion of cancellation {unknown}


   Skills:
 + Level 1.7 Short Blades
 - Level 2.0 Dodging
 - Level 4.0 Stealth
 - Level 2.0 Spellcasting
 + Level 2.4 Transmutations
 + Level 3.8 Earth Magic


You had 4 spell levels left.
You knew the following spells:

 Your Spells              Type           Power      Damage    Failure   Level
a - Sandblast             Erth           32%        2d9       3%          1
w - Passwall              Tmut/Erth      10%        N/A       7%          2

Your spell library contained the following spells:

 Spells                   Type           Power      Damage    Failure   Level
 Stone Arrow              Conj/Erth      18%        3d8       22%         3
 Petrify                  Tmut/Erth      13%        N/A       43%         4


Dungeon Overview and Level Annotations

Branches:
Dungeon (3/15)

Altars:

Annotations:
D:3 Ijyb, Robin


Innate Abilities, Weirdness & Mutations

You cannot wear most types of armour.
You are amphibious.
You can wear up to eight rings at the same time.
Your skin changes colour to match your surroundings (Stealth+).
Your rubbery body absorbs attacks. (AC +1, EV +1)
((You are camouflaged when in or above water. (Stealth+)))
You have tentacles for arms and can constrict up to eight enemies at once.


Message History

You constrict the hobgoblin, but do no damage.
The hobgoblin closely misses you.
Robin roars a battlecry!
The goblins go into a battle-frenzy!
You hit the hobgoblin but do no damage. You constrict the hobgoblin.
The hobgoblin hits you. Robin throws the goblin at you!
You hit the hobgoblin.
The hobgoblin is heavily wounded.
You constrict the hobgoblin, but do no damage.
The goblin barely misses you. The hobgoblin hits you.
Robin drinks a potion.
Robin suddenly seems more resistant.
You hit the hobgoblin. You squeeze the hobgoblin.
You kill the hobgoblin!
The goblin hits you with a +0 club.
You barely miss the goblin. You grab the goblin. You constrict the goblin.
The goblin barely misses you.
Robin says, "My goblins will feast on your bones."
The goblin hits you with a +0 dagger.
You hit the goblin.
You kill the goblin!
The goblin hits you with a +0 dagger.
Things that are here:
a +0 club; a goblin corpse The bat barely misses you.
Casting: Sandblast (safe; 3% risk of failure)
Confirm with . or Enter, or press ? or * to list all spells.
Aiming: Sandblast (safe; 3% risk of failure)
Press: ? - help, Shift-Dir - straight line, f - goblin
Aim: a goblin, wielding a +0 dagger and wearing a +0 robe (strong, 74% to hit)
The blast of sand hits the goblin.
You kill the goblin!
The bat hits you but does no damage.
Casting: Sandblast (safe; 3% risk of failure)
Confirm with . or Enter, or press ? or * to list all spells.
Aiming: Sandblast (safe; 3% risk of failure)
Press: ? - help, Shift-Dir - straight line, f - Robin
Aim: Robin, wielding a +0 whip, wearing a +0 animal skin, wearing a +2 helmet of intelligence and carrying a wand of flame (17) (unusually resistant, 85% to hit)
The blast of sand misses Robin.
The bat closely misses you.
Robin zaps a wand.
The puff of flame hits you!
You die...

..... #)# .... #.#
... #.# .. #g# #.##
#.###.##. #..#
#g.......
#.###)####...
#..##...###
##.##..@..#
####..#.#b.[..#
#.......#.....# ##
#.###..#....####..
#...##....####....
###.##..####....#
#.###........##
##+###.........'...#
.........##.....##..#


You could see Robin (resistant) and a bat.

Vanquished Creatures
  2 adders (D:2)
  A gnoll (D:1)
  2 worms (D:2)
  A dart slug (D:2)
  5 orcs (D:3)
  5 endoplasms
  A giant cockroach (D:1)
  10 goblins
  6 hobgoblins
  6 quokkas
  3 ball pythons (D:1)
  4 bats
  11 frilled lizards
  3 kobolds
  3 rats
63 creatures vanquished.

Notes
Turn   | Place    | Note
-------+----------+-------------------------------------------
     0 | D:1      | erker the Octopode Earth Elementalist began the quest for
                  | the Orb.
     0 | D:1      | Reached XP level 1. HP: 11/11 MP: 3/3
    32 | D:1      | Reached skill level 3 in Stealth
   342 | D:1      | Reached XP level 2. HP: 1/17 MP: 0/5
   647 | D:1      | Learned a level 2 spell: Passwall
   652 | D:1      | Reached skill level 4 in Stealth
   821 | D:1      | Reached XP level 3. HP: 21/21 MP: 6/6
  1131 | D:1      | Found a faded altar of an unknown god.
  1806 | D:2      | Reached skill level 1 in Short Blades
  1854 | D:2      | Reached XP level 4. HP: 27/27 MP: 3/7
  2746 | D:3      | Noticed Ijyb
  2760 | D:3      | Noticed Robin
  2778 | D:3      | Killed from afar by Robin

Illustrated notes

Levels and vault maps discovered:
D:1:      heliophobic_arrival_glass_houses, layout_basic,
          basic_ecumenical_altar, minmay_pentomino_x2
D:2:      layout_loops_ring
D:3:      layout_basic, mainiacjoe_overflow_small_starburst,
          nicolae_ru_sacrificial_ziggurat, minmay_misc_feat_x, uniq_ijyb,
          uniq_robin

Skill      XL: |  1  2  3 |
---------------+----------+-----
Stealth        | 3 4 |  4.0
Short Blades   | 1 |  1.7
Transmutations | 2 |  2.4
Dodging        | |  2.0
Spellcasting   | |  2.0
Earth Magic    | |  3.8

Action                   |  1- 3 |  4- 6 || total
-------------------------+-------+-------++-------
Melee: Unarmed           |    21 |       ||    21
       Constrict         |    18 |     6 ||    24
       Tentacles         |    14 |     4 ||    18
       Dagger            |    42 |    24 ||    66
       Punch             |     2 |     2 ||     4
 Cast: Sandblast         |    20 |    17 ||    37
       Passwall          |     1 |       ||     1
 Stab: Sleeping          |    11 |     5 ||    16
Armor: Skin              |     5 |     2 ||     7
Dodge: Dodged            |    37 |    11 ||    48
